 Dungeon Crawl Stone Soup version 0.29.1-2-gbd0b4ee654 (webtiles) character file.

Game seed: 7393828301036033676

466 Icepheonix32 the Insei (level 7, 0/64 HPs)
             Began as an Octopode Transmuter on Nov 20, 2022.
             Slain by a gnoll
             ... wielding a +0 whip
              (1 damage)
             ... on level 4 of the Dungeon.
             The game lasted 00:05:43 (4798 turns).

Icepheonix32 the Insei (Octopode Transmuter)        Turns: 4798, Time: 00:05:44

Health: 0/64       AC: 23    Str:  7 (10) XL:     7   Next: 8%
Magic:  9/10       EV:  2    Int: 14 (15) God:
Gold:   203        SH:  5    Dex: 13 (14) Spells: 4/10 levels left

rFire   . . .      SeeInvis .     - Unarmed
rCold   . . .      Faith    .   (no shield)
rNeg    . . .      Spirit   .   (helmet currently unavailable)
rPois   +          Reflect  +   g - amulet of reflection
rElec   .          Harm     .   (no ring)
rCorr   .          Rampage  .   (no ring)
Will    .....      NoTele   +   (no ring)
Stlth   +.........              (no ring)
HPRegen 0.20/turn               (no ring)
MPRegen 0.12/turn               (no ring)
                                (no ring)
                                (no ring)

@: tree-form
A: stationary, stasis, torment immunity, boosted hp, almost no armour,
(amphibious), 8 rings, (camouflage 1), (gelatinous body 1), (nimble swimmer 1),
(tentacles)
a: no special abilities


You were on level 4 of the Dungeon.
You were a tree.
You visited 1 branch of the dungeon, and saw 4 of its levels.

You collected 203 gold pieces.

Inventory:

Hand Weapons
 s - a +1 dagger of venom
Missiles
 p - a throwing net
Jewellery
 g - an amulet of reflection (around neck)
Wands
 m - a wand of iceblast (3)
 n - a wand of mindburst (6)
 u - a wand of charming (8)
Scrolls
 e - 6 scrolls of identify {unknown}
 f - 3 scrolls of magic mapping
 h - 2 scrolls of teleportation
 t - a scroll of silence {unknown}
 v - a scroll of immolation {unknown}
Potions
 o - a potion of degeneration


   Skills:
 - Level 1.0 Fighting
 * Level 4.2 Dodging
 + Level 0.2 Shields
 + Level 5.4 Unarmed Combat
 - Level 2.0 Spellcasting
 + Level 3.4 Transmutations
 * Level 2.7 Poison Magic


You had 4 spell levels left.
You knew the following spells:

 Your Spells              Type           Power      Damage    Failure   Level
a - Beastly Appendage     Tmut           22%        N/A       6%          1
b - Spider Form           Tmut/Pois      10%        N/A       21%         3
c - Wereblood             Tmut           11%        N/A       9%          2

Your spell library contained the following spells:

 Spells                   Type           Power      Damage    Failure   Level
 Slow                     Hex            4%         N/A       24%         1
 Confusing Touch          Hex            1%         N/A       56%         3
 Vampiric Draining        Necr           1%         2d6       56%         3
 Ice Form                 Ice/Tmut       6%         N/A       75%         4


Dungeon Overview and Level Annotations

Branches:
Dungeon (4/15)
 Temple: D:4-7

Altars:
Elyvilon

Shops:
D:3 [


Innate Abilities, Weirdness & Mutations

You are a tree.
Your roots penetrate the ground, keeping you stationary.
You cannot be teleported.
You are immune to unholy pain and torment.
Your maximum health is greatly increased.
You cannot wear most types of armour.
((You are amphibious.))
You can wear up to eight rings at the same time.
((Your skin changes colour to match your surroundings (Stealth+).))
((Your rubbery body absorbs attacks. (AC +1, EV +1)))
((You are camouflaged when in or above water. (Stealth+)))
((You have tentacles for arms and can constrict up to eight enemies at once.))


Message History

You completely miss the gnoll.
You pierce the gnoll, but do no damage.
You squeeze the gnoll, but do no damage.
You constrict the gnoll, but do no damage.
You tentacle-slap the gnoll.
You pierce the gnoll, but do no damage.
The gnoll is lightly wounded.
Your transformation is almost over.
You constrict the gnoll. The gnoll hits you with a +0 whip.
You tentacle-slap the gnoll but do no damage.
The gnoll is moderately wounded.
You constrict the gnoll. The gnoll hits you with a +0 whip.
* * * LOW HITPOINT WARNING * * *
You tentacle-slap the gnoll but do no damage.
You pierce the gnoll, but do no damage.
The gnoll is moderately wounded.
You constrict the gnoll. The gnoll hits you with a +0 whip.
* * * LOW HITPOINT WARNING * * *
You tentacle-slap the gnoll but do no damage.
The gnoll is heavily wounded.
You constrict the gnoll, but do no damage.
The gnoll misses you.
You tentacle-slap the gnoll but do no damage.
You pierce the gnoll, but do no damage.
The gnoll is heavily wounded.
You constrict the gnoll, but do no damage.
The gnoll hits you with a +0 whip.
* * * LOW HITPOINT WARNING * * *
Unknown command.
Really quaff the potion of lignification?
Your tentacle spike disappears.
You turn into a tree.
Your roots penetrate the ground.
You lose your grip on the gnoll.
The gnoll hits you with a +0 whip.
* * * LOW HITPOINT WARNING * * *
Unknown command.
You hit the gnoll but do no damage.
The gnoll is heavily wounded.
The gnoll hits you but does no damage.
You hit the gnoll.
The gnoll is almost dead.
The gnoll hits you with a +0 whip.
You die...

*,,,,~~~~~~~~~~~~~~~~~~~~~~~~~~~
*,,,,~~*****~~~~~~~~~~~~~~~~~~~~
*,,,,~~*,,,*,,,,,,,,,,,,,,,,,,,,
*,,,,~~*,,,########*************
*,,,,~~**#+#....'.,,,,,,,**,,,,,
*,,,,~~~,#.#...)#**+************
*,,,,~~~,#.#....#,*,,,,,,,,,,,,,
*,,,,~~~,#.###g##,*,,,,,,,,,,,,,
*,,,,~~~,#.....♣#,*,,,,,,,,,,,,,
*,,,,~~~,#.)....#,+,,,,,,,,,,,,,
*,,,,~~~,#)#####################
*,,,,~~~,#)#...........#..))#...
*,,,,~~~,#)'.).........)).))))..
*,,,,~~###)#...........#...(#...
*,,,,~~#...#############''''####
*,,,,~~#...#....................
*,,,,~~#####~~~~~≈~~≈≈≈~....~~~~


You could see a gnoll.

Vanquished Creatures
  3 hounds (D:4)
  An iguana (D:4)
  Ijyb (D:3)
  An orc wizard (D:4)
  16 gnolls
  3 adders
  A shadow imp (D:4)
  A worm (D:2)
  2 dart slugs
  10 orcs (D:4)
  6 endoplasms
  A giant cockroach (D:3)
  6 goblins
  8 hobgoblins
  12 jackals
  2 quokkas (D:1)
  9 ball pythons
  5 bats
  2 frilled lizards (D:1)
  7 kobolds
  5 rats
102 creatures vanquished.

Vanquished Creatures (collateral kills)
  2 orcs (D:4)
2 creatures vanquished.

Vanquished Creatures (others)
  A plant (D:4)
1 creature vanquished.

Grand Total: 105 creatures vanquished

Notes
Turn   | Place    | Note
-------+----------+-------------------------------------------
     0 | D:1      | Icepheonix32 the Octopode Transmuter began the quest for
                  | the Orb.
     0 | D:1      | Reached XP level 1. HP: 13/13 MP: 3/3
   129 | D:1      | Reached XP level 2. HP: 18/18 MP: 5/5
   733 | D:1      | Found a faded altar of an unknown god.
   733 | D:1      | Noticed a ynoxinul
   862 | D:1      | Reached XP level 3. HP: 23/23 MP: 4/6
  1274 | D:2      | Learned a level 3 spell: Spider Form
  1277 | D:2      | Learned a level 2 spell: Wereblood
  2210 | D:3      | Found Teucric's Antique Armour Shop.
  2236 | D:3      | Reached XP level 4. HP: 28/28 MP: 5/7
  2345 | D:3      | Noticed Ijyb
  2356 | D:3      | Killed Ijyb
  2357 | D:3      | Reached skill level 4 in Unarmed Combat
  2357 | D:3      | Reached skill level 1 in Poison Magic
  2896 | D:3      | Reached XP level 5. HP: 9/33 MP: 2/8
  3119 | D:3      | Identified the +0 pair of boots of Valour {Str+3}
  3487 | D:4      | Identified the +3 leather armour "Sorah" {Rampage}
  3884 | D:4      | Reached XP level 6. HP: 29/38 MP: 9/9
  4353 | D:4      | Found a white marble altar of Elyvilon.
  4417 | D:4      | Reached skill level 5 in Unarmed Combat
  4722 | D:4      | Reached XP level 7. HP: 25/43 MP: 2/10
  4795 | D:4      | HP: 2/43 [gnoll/+0 whip (2)]
  4798 | D:4      | Slain by a gnoll

Illustrated notes

Levels and vault maps discovered:
D:1:      amcnicky_arrival_flooded_fountain, layout_basic,
          dreamdust_ecumenical_altar_sealed_demon,
          chequers_serial_rivers_large_a
D:2:      layout_loops_ring
D:3:      layout_basic, serial_shops, shop, uniq_ijyb
D:4:      lemuel_castle_with_subvaults [lemuel_castle_interior_carwin_1],
          layout_basic, nicolae_elyvilon_temple_path, uniq_blork_the_orc

Skill      XL: |  1  2  3  4  5  6 |
---------------+-------------------+-----
Unarmed Combat | 4 5 |  5.4
Poison Magic   | 1 2 |  2.7
Dodging        | 3 4 |  4.2
Transmutations | 3 |  3.4
Fighting       | |  1.0
Shields        | |  0.2
Spellcasting   | |  2.0

Action                   |  1- 3 |  4- 6 |  7- 9 || total
-------------------------+-------+-------+-------++-------
Melee: Unarmed           |    72 |   139 |    19 ||   230
       Tentacles         |    16 |    28 |     3 ||    47
       Constrict         |    16 |    29 |     3 ||    48
       Kick              |     8 |    32 |     7 ||    47
       Punch             |     1 |     6 |     1 ||     8
 Cast: Beastly Appendage |    21 |    22 |     2 ||    45
       Wereblood         |       |     5 |       ||     5
       Spider Form       |       |     1 |       ||     1
Evoke: Wand              |       |     8 |     2 ||    10
  Use: Potion            |       |     5 |     1 ||     6
       Scroll            |       |     8 |       ||     8
 Stab: Sleeping          |     9 |     2 |       ||    11
       Distracted        |       |     1 |       ||     1
Armor: Skin              |     1 |    30 |     1 ||    32
Dodge: Dodged            |    34 |    90 |     7 ||   131
Block: Other             |       |    18 |     3 ||    21
